 Dungeon Crawl Stone Soup version 0.30-a0-800-g7c544603b3 (webtiles) character file.

Game seed: 13554398094733110923

176 Iich the Chopper (level 5, -3/48 HPs)
             Began as a Hill Orc Fighter on Feb 22, 2023.
             Killed by divine providence
             ... invoked by an orc priest
              (11 damage)
             ... on level 3 of the Dungeon.
             The game lasted 00:02:25 (1871 turns).

Iich the Chopper (Hill Orc Fighter)                 Turns: 1871, Time: 00:02:25

Health: -3/48      AC:  8    Str: 19    XL:     5   Next: 56%
Magic:  5/5        EV:  9    Int:  8    God:
Gold:   70         SH:  4    Dex: 12    Spells: 4/4 levels left

rFire   . . .      SeeInvis .    a - +0 war axe
rCold   . . .      Faith    .    c - +0 buckler
rNeg    . . .      Spirit   .    b - +0 scale mail
rPois   .          Reflect  .    k - +0 helmet
rElec   .          Harm     .    (no cloak)
rCorr   .          Rampage  .    (no gloves)
Will    .....                    (no boots) Stlth
                                 (no amulet)
HPRegen 0.28/turn                (no ring)
MPRegen 0.09/turn                (no ring)

@: no status effects
A: no striking features
a: Convert to Beogh


You were on level 3 of the Dungeon.
You visited 1 branch of the dungeon, and saw 3 of its levels.

You collected 125 gold pieces.
You spent 55 gold pieces at shops.

Inventory:

Hand Weapons
 a - a +0 war axe (weapon)
Armour
 b - a +0 scale mail (worn)
 c - a +0 buckler (worn)
 k - a +0 helmet (worn)
Scrolls
 f - a scroll of enchant weapon {unknown}
 h - 3 scrolls of teleportation
 j - a scroll of fog
Potions
 d - a potion of might
 e - a potion of mutation {unknown}
 g - 3 potions of heal wounds
 i - a potion of brilliance {unknown}
 l - a potion of degeneration {unknown}


   Skills:
 + Level 5.1 Fighting
 * Level 6.3 Axes
 - Level 3.2 Armour
 - Level 3.2 Shields


You had 4 spell levels left.
You didn't know any spells.
Your spell library was empty.

Dungeon Overview and Level Annotations

Branches:
Dungeon (3/15)

Altars:

Shops:
D:1 !


Message History

You hit something but do no damage.
You hear some strange, mumbled words.
A puff of flame appears from out of thin air!
You block the puff of flame.
The orc priest mumbles some strange prayers to Beogh against you.
Pain shoots through your body!
* * * LOW HITPOINT WARNING * * *
The orc priest shouts, "Beogh is our master!
Accept the truth or die!"
The orc priest shouts, "Surrender to Beogh and we'll let you live!"
You hit the orc priest.
The orc priest is heavily wounded.
You completely miss something. Something hits you but does no damage.
The orc priest hits you with a +0 whip.
* * * LOW HITPOINT WARNING * * *
The orc priest closely misses you. Something hits you but does no damage.
You closely miss the orc priest.
The orc priest is heavily wounded.
You completely miss something. Something hits you.
* * * LOW HITPOINT WARNING * * *
The orc priest closely misses you.
You barely miss the orc priest.
The orc priest is heavily wounded.
You hit something.
Reactivating autopickup.
You feel a bit more experienced. You block the orc priest's attack.
Your Fighting skill increases to level 5!
Unknown command.
You closely miss the orc priest.
The orc priest is heavily wounded.
The orc priest hits you with a +0 whip.
* * * LOW HITPOINT WARNING * * *
Unknown command.
You barely miss the orc priest.
The orc priest is heavily wounded.
The orc priest calls down the wrath of Beogh upon you.
Beogh smites you!
You die...

### ....###
......)##########
......)@.......>#
......o###.####.#
....... #.# #.#
..##... #.####†#
#.... #... #.#..).#
#.... #... #.#.##.#
#....##...###.#..#.#
+..................#
#.>....#######..#..#


You could see an orc priest.

Vanquished Creatures
  An orc wizard (D:3)
  Robin (D:2)
  4 gnolls (D:2)
  2 adders (D:2)
  A worm (D:2)
  2 dart slugs
  3 orcs (D:3)
  7 ball pythons
  2 bats (D:1)
  3 endoplasms
  A giant cockroach (D:1)
  18 goblins
  6 hobgoblins
  3 jackals (D:2)
  5 quokkas (D:1)
  7 frilled lizards
  3 kobolds
  2 rats (D:1)
71 creatures vanquished.

Notes
Turn   | Place    | Note
-------+----------+-------------------------------------------
     0 | D:1      | Iich the Hill Orc Fighter began the quest for the Orb.
     0 | D:1      | Reached XP level 1. HP: 19/19 MP: 1/1
    45 | D:1      | Reached skill level 3 in Axes
    89 | D:1      | Reached XP level 2. HP: 27/27 MP: 2/2
   296 | D:1      | Reached skill level 4 in Axes
   394 | D:1      | Reached XP level 3. HP: 33/33 MP: 3/3
   621 | D:1      | Found Qadebb's Distillery.
   629 | D:1      | Bought a potion of heal wounds for 55 gold pieces
  1151 | D:2      | Reached XP level 4. HP: 25/41 MP: 4/4
  1154 | D:2      | Reached skill level 5 in Axes
  1529 | D:2      | Found a faded altar of an unknown god.
  1534 | D:2      | Noticed Robin
  1535 | D:2      | Reached XP level 5. HP: 43/47 MP: 5/5
  1537 | D:2      | Killed Robin
  1698 | D:2      | Reached skill level 6 in Axes
  1870 | D:3      | Reached skill level 5 in Fighting
  1871 | D:3      | Killed from afar by an orc priest

Illustrated notes

Levels and vault maps discovered:
D:1:      shiori_arrival_maze, layout_basic, serial_shops, shop
D:2:      layout_basic, ebering_ecumenical_altar_hall, uniq_robin
D:3:      layout_basic, nicolae_ru_sacrificial_ziggurat

Skill      XL: |  1  2  3  4  5 |
---------------+----------------+-----
Axes           | 3 4 5 6 |  6.3
Fighting       | 4 5 |  5.1
Armour         | |  3.2
Shields        | |  3.2

Action                     |  1- 3 |  4- 6 || total
---------------------------+-------+-------++-------
  Melee: War axe           |   115 |    87 ||   202
    Use: Scroll            |       |     2 ||     2
 Armour: Scale mail        |    64 |    43 ||   107
  Dodge: Dodged            |    54 |    36 ||    90
  Block: Buckler           |    25 |    19 ||    44

Table legend: (Time is in decaauts)
 A = Elapsed time spent in this place.
 B = Non-inter-level travel time spent in this place.
 C = Inter-level travel time spent in this place.
 D = Time resting spent in this place.
 E = Time spent auto-exploring this place.
 F = Levels seen in this place.
 G = Mean time per level.
                   A        B        C        D        E       F      G
               +--------+--------+--------+--------+--------+-----+--------+
         Total |   1932 |   1845 |     87 |      0 |   1406 |   3 |  644.0 |
       Dungeon |   1932 |   1845 |     87 |      0 |   1406 |   3 |  644.0 |
               +--------+--------+--------+--------+--------+-----+--------+

Top non-repeatable levels by time:
     D:1: 980 daAuts
     D:2: 889 daAuts
     D:3: 62 daAuts
